 Dungeon Crawl Stone Soup version 0.27.1-16-g815e20cd7a (webtiles) character file.

Game seed: 7692582770848995339

50 Descartes the Grasshopper (level 3, -1/16 HPs)
             Began as a Felid Warper on Nov 23, 2021.
             Slain by a worm (8 damage)
             ... on level 2 of the Dungeon.
             The game lasted 00:04:09 (2233 turns).

Descartes the Grasshopper (Felid Warper)            Turns: 2233, Time: 00:04:10

Health: -1/16      AC:  1    Str:  8    XL:     3   Next: 55%
Magic:  7/7        EV: 18    Int: 14    God:
Gold:   45         SH:  0    Dex: 15    Spells: 6/6 levels left
                                        Lives:  0   Deaths: 0

rFire    . . .     SeeInvis +     - Unarmed
rCold    . . .     Faith    .   (shield unavailable)
rNeg     . . .     Spirit   .   (armour unavailable)
rPois    .         Reflect  .   (helmet unavailable)
rElec    .         Harm     .   (cloak unavailable)
rCorr    .         Rampage  .   (gloves unavailable)
Will     .....                  (boots unavailable)
Stlth    +.........             (no amulet)
HPRegen  0.05/turn              (no ring)
MPRegen  0.10/turn              (no ring)

@: quick
A: very small, claws 1, fangs 3, see invisible, speed 1, shaggy fur 1, stealthy
paws, no weapons or thrown items, no armour, multi-lived
a: no special abilities


You were on level 2 of the Dungeon.
You visited 1 branch of the dungeon, and saw 2 of its levels.

You collected 45 gold pieces.

Inventory:

Missiles
 b - 37 stones
Scrolls
 a - a scroll of blinking
 d - a scroll of silence {unknown}
Potions
 c - a potion of degeneration {unknown}


   Skills:
 - Level 2.0 Fighting
 * Level 4.6 Dodging
 + Level 2.5 Unarmed Combat
 - Level 2.0 Spellcasting
 + Level 5.0 Translocations


You had 6 spell levels left.
You didn't know any spells.
Your spell library contained the following spells:

 Spells                   Type           Power      Damage    Failure   Level
 Blink                    Tloc           N/A        N/A       4%          2
 Gell's Gravitas          Tloc           7%         N/A       9%          3
 Lesser Beckoning         Tloc           7%         N/A       9%          3
 Teleport Other           Tloc           15%        N/A       9%          3
 Manifold Assault         Tloc           15%        N/A       63%         5


Dungeon Overview and Level Annotations

Branches:
Dungeon (2/15)

Altars:

Shops:
D:1 *


Innate Abilities, Weirdness & Mutations

You have sharp claws.
You have razor-sharp teeth.
You have supernaturally acute eyesight. (SInv)
You cover ground quickly. (Speed+)
You are covered in fur. (AC +1)
Your paws help you pounce on unaware monsters.
You are incapable of wielding weapons or throwing items.
You cannot wear armour.
You gain extra lives every three experience levels.


Message History

Found 25 arrows.
There is an open door here.
You open the door.
There is an open door here.
You open the door.
Found a leather armour.
There is an open door here.
Found a stone staircase leading down.
You see here a +0 leather armour.
Found a ring mail.
You open the door.
There is an open door here.
You open the door.
There is an open door here.
A worm comes into view.
A worm is nearby!
The worm bites you!
Ouch! That really hurt!
You are too injured to fight recklessly!
You are too injured to fight recklessly!
You are too injured to fight recklessly!
You are too injured to fight recklessly!
You are too injured to fight recklessly!
You are too injured to fight recklessly!
You are too injured to fight recklessly!
You are too injured to fight recklessly!
You are too injured to fight recklessly!
You are too injured to fight recklessly!
You are too injured to fight recklessly!
You are too injured to fight recklessly!
A worm is nearby!
You barely miss the worm. You scratch the worm.
The worm is moderately wounded.
The worm closely misses you.
You scratch the worm.
The worm is moderately wounded.
The worm bites you!
Ouch! That really hurt!
You die...

#.. #.# #.# #.#
#.# #.# #w# #@#
#.# ##### #.#
#...# #.# #...#
#.# #...# #.#
#...#
#.#########...####
#.........'...'..#
###########...##.#


You could see a worm.

Vanquished Creatures
  An adder (D:2)
  A dart slug (D:1)
  A bat (D:1)
  6 endoplasms
  4 giant cockroaches
  2 goblins (D:1)
  2 hobgoblins (D:1)
  5 kobolds
  3 quokkas
  2 ball pythons (D:1)
  3 frilled lizards
  4 rats
34 creatures vanquished.

Notes
Turn   | Place    | Note
-------+----------+-------------------------------------------
     0 | D:1      | Descartes the Felid Warper began the quest for the Orb.
     0 | D:1      | Reached XP level 1. HP: 9/9 MP: 4/4
   369 | D:1      | Found Jyav's Assorted Antiques.
   405 | D:1      | Reached XP level 2. HP: 3/13 MP: 6/6
  1228 | D:1      | Reached XP level 3. HP: 14/16 MP: 7/7
  1809 | D:2      | Reached skill level 5 in Translocations
  2233 | D:2      | Slain by a worm

Illustrated notes

Levels and vault maps discovered:
D:1:      lemuel_arrival_rhombus, layout_basic, serial_shops,
          nicolae_shop_waterfront, chequers_serial_rivers_room_a
D:2:      layout_basic

Skill      XL: |  1  2  3 |
---------------+----------+-----
Dodging        | 4 |  4.6
Translocations | 5 |  5.0
Fighting       | |  2.0
Unarmed Combat | |  2.5
Spellcasting   | |  2.0

Action                   || total
-------------------------++-------
Melee: Unarmed           ||   111
       Bite              ||     5
       Punch             ||     2
 Stab: Distracted        ||     1
       Sleeping          ||     2
Armor: Skin              ||     5
Dodge: Dodged            ||    78
